 Dungeon Crawl Stone Soup version 0.30-a0-728-gc68057be0a (webtiles) character file.

Game seed: 10493244184045380617

372 browni3141 the Poker (level 6, -4/32 HPs)
             Began as a Vine Stalker Monk on Jan 31, 2023.
             Slain by a gnoll sergeant
             ... wielding a +0 vampiric spear
              (8 damage)
             ... on level 5 of the Dungeon.
             The game lasted 00:05:49 (2924 turns).

browni3141 the Poker (Vine Stalker Monk)            Turns: 2924, Time: 00:05:49

Health: -4/32      AC:  7    Str: 16    XL:     6   Next: 71%
Magic:  0/7        EV: 10    Int: 10    God:
Gold:   184        SH:  0    Dex: 16    Spells: 5/5 levels left

rFire   . . .      SeeInvis .    x - +0 trident
rCold   . . .      Faith    .    (no shield)
rNeg    . . .      Spirit   +    t - +0 scale mail
rPois   .          Reflect  .    (no helmet)
rElec   .          Harm     .    (no cloak)
rCorr   .          Rampage  .    e - +0 pair of gloves
Will    .....                    (no boots)
Stlth   +                        s - amulet of magic regeneration
HPRegen 1.05/turn                (no ring)
MPRegen 0.50/turn                (no ring)

@: about to teleport
A: fangs 2, regeneration 1, magic shield, antimagic bite, no potion heal 2
a: no special abilities


You were on level 5 of the Dungeon.
You visited 1 branch of the dungeon, and saw 5 of its levels.

You collected 184 gold pieces.

Inventory:

Hand Weapons
 a - a +0 spear
 x - a +0 trident (weapon)
Missiles
 h - 4 poisoned darts (quivered)
 y - 2 throwing nets
Armour
 b - a +0 robe
 e - a +0 pair of gloves (worn)
 f - a +0 ring mail
 t - a +0 scale mail (worn)
Jewellery
 s - an amulet of magic regeneration (around neck)
Scrolls
 j - a scroll of vulnerability {unknown}
 l - a scroll of immolation {unknown}
 n - 3 scrolls of teleportation
 p - 2 scrolls of magic mapping {unknown}
 r - a scroll of brand weapon {unknown}
 u - 2 scrolls of enchant armour {unknown}
 v - a scroll of fog {unknown}
 w - a scroll of identify {unknown}
Potions
 c - a potion of ambrosia
 d - a potion of magic {unknown}
 g - 2 potions of heal wounds {unknown}
 i - a potion of berserk rage {unknown}
 k - a potion of might {unknown}
 m - a potion of brilliance {unknown}
 o - 3 potions of curing {unknown}
 q - 2 potions of mutation {unknown}
 z - a potion of degeneration {unknown}
 A - a potion of attraction {unknown}
 B - a potion of haste {unknown}


   Skills:
 - Level 2.6 Fighting
 * Level 6.2 Polearms
 - Level 2.0 Armour
 - Level 2.4 Dodging
 - Level 2.4 Stealth


You had 5 spell levels left.
You didn't know any spells.
Your spell library contained the following spells:

 Spells                   Type           Power      Damage    Failure   Level
 Scorch                   Fire           0%         2d5       91%         2
 Flame Wave               Conj/Fire      0%         2d4       100%        4
 Summon Cactus Giant      Summ           0%         N/A       100%        6


Dungeon Overview and Level Annotations

Branches:
Dungeon (5/15)
 Temple: D:4-7

Altars:
Elyvilon
The Shining One

Shops:
D:4 :

Annotations:
D:4 Edmund


Innate Abilities, Weirdness & Mutations

You have extremely sharp teeth.
Your natural rate of healing is unusually fast.
When hurt, damage is shared between your health and your magic reserves.
Your bite disrupts and absorbs the magic of your enemies.
Potions cannot restore your health.


Message History

You hit the gnoll.
The gnoll is heavily wounded.
The gnoll hits you but does no damage.
You barely miss the gnoll. Your bite misses the gnoll.
The gnoll is heavily wounded.
The gnoll hits you with a +0 club!
You puncture the gnoll! You bite the gnoll.
You kill the gnoll!
You miss the ufetubus. The ufetubus barely misses you.
The ufetubus hits you but does no damage.
The ufetubus completely misses you.
The ufetubus hits you but does no damage.
You miss the ufetubus.
The ufetubus hits you but does no damage.
The ufetubus barely misses you.
You hit the ufetubus. You bite the ufetubus.
You kill the ufetubus!
You completely miss the gnoll sergeant. You bite the gnoll sergeant.
You drain its power.
You feel invigorated.
The gnoll sergeant is lightly wounded.
The gnoll sergeant hits you with a +0 vampiric spear!
The gnoll sergeant draws strength from your wounds!
You hit the gnoll sergeant. Your bite misses the gnoll sergeant.
The gnoll sergeant is lightly wounded.
The gnoll sergeant hits you with a +0 vampiric spear.
The gnoll sergeant draws strength from your wounds!
You hit the gnoll sergeant but do no damage.
The gnoll sergeant is lightly wounded.
The gnoll sergeant hits you with a +0 vampiric spear!
* * * LOW HITPOINT WARNING * * *
Okay, then.
As you read the scroll labelled MOESTR JUNIEVOSH, it crumbles to dust.
You feel strangely unstable.
It was a scroll of teleportation.
The gnoll sergeant hits you but does no damage.
The gnoll sergeant attacks as you move away!
The gnoll sergeant hits you with a +0 vampiric spear!
* * * LOW HITPOINT WARNING * * *
The gnoll sergeant draws strength from your wounds!
The gnoll sergeant hits you from afar with a +0 vampiric spear!
You die...

#..# #.#... #..
....# #.. #g.#
##..# #.<#
##..#.#######gW#
#..###5....g.g.#
#.g#.#######..#
#.#)## #..#
#@### ..... #.#
######. #.# #
#.. ###


You could see a gnoll sergeant.

Vanquished Creatures
  A phantom (D:4)
  A scorpion (D:4)
  A howler monkey (D:4)
  An orc priest (D:3)
  6 adders
  4 gnolls
  An ufetubus (D:5)
  2 worms
  2 dart slugs
  3 orcs
  4 endoplasms
  A giant cockroach (D:3)
  6 hobgoblins
  5 jackals
  7 kobolds
  3 quokkas (D:1)
  4 ball pythons
  4 bats
  A frilled lizard (D:1)
  4 goblins
  5 rats
66 creatures vanquished.

Notes
Turn   | Place    | Note
-------+----------+-------------------------------------------
     0 | D:1      | browni3141 the Vine Stalker Monk began the quest for the
                  | Orb.
     0 | D:1      | Reached XP level 1. HP: 11/11 MP: 2/2
    58 | D:1      | Reached skill level 3 in Polearms
   145 | D:1      | Reached XP level 2. HP: 16/16 MP: 3/3
   736 | D:1      | Reached XP level 3. HP: 15/19 MP: 4/4
   838 | D:2      | Reached skill level 4 in Polearms
   927 | D:2      | Reached skill level 1 in Armour
  1037 | D:2      | Gained mutation: Your natural rate of healing is unusually
                  | fast. [Vine Stalker growth]
  1037 | D:2      | Reached XP level 4. HP: 21/23 MP: 5/5
  1426 | D:3      | Found a white marble altar of Elyvilon.
  1969 | D:3      | Reached XP level 5. HP: 15/27 MP: 3/6
  2231 | D:3      | Found a faded altar of an unknown god.
  2401 | D:4      | Found a glowing golden altar of the Shining One.
  2440 | D:4      | Reached skill level 5 in Polearms
  2596 | D:4      | Noticed a phantom
  2607 | D:4      | Killed a phantom
  2608 | D:4      | Reached XP level 6. HP: 29/32 MP: 7/7
  2632 | D:4      | Found Moco's Book Shoppe.
  2751 | D:4      | Reached skill level 6 in Polearms
  2755 | D:4      | Noticed Edmund
  2893 | D:5      | Entered Level 5 of the Dungeon
  2924 | D:5      | Slain by a gnoll sergeant

Illustrated notes

Levels and vault maps discovered:
D:1:      erik_arrival_triangle_small, layout_basic, feat_on_display
D:2:      layout_rooms
D:3:      layout_basic, mainiacjoe_overflow_concentric_impassable,
          ebering_ecumenical_altar_petrified
D:4:      layout_cave_pools, tso_altar, nicolae_take_the_stairs,
          sigmund_edmund_badplayer
D:5:      layout_loops_ring, amcnicky_altar_gilded, kennysheep_mini,
          temple_pool_b, hex_tiny, grunt_ministairs_13

Skill      XL: |  1  2  3  4  5  6 |
---------------+-------------------+-----
Polearms       | 3 4 5 6 |  6.2
Armour         | 1 2 |  2.0
Fighting       | |  2.6
Dodging        | |  2.4
Stealth        | |  2.4

Action                     |  1- 3 |  4- 6 || total
---------------------------+-------+-------++-------
  Melee: Spear             |   124 |    85 ||   209
         Bite              |    28 |    44 ||    72
         Trident           |       |   105 ||   105
  Throw: Dart              |       |     3 ||     3
    Use: Scroll            |       |     1 ||     1
   Stab: Sleeping          |     1 |       ||     1
 Armour: Robe              |     5 |       ||     5
         Ring mail         |    26 |     7 ||    33
         Scale mail        |       |    66 ||    66
  Dodge: Dodged            |    53 |    93 ||   146

Table legend: (Time is in decaauts)
 A = Elapsed time spent in this place.
 B = Non-inter-level travel time spent in this place.
 C = Inter-level travel time spent in this place.
 D = Time resting spent in this place.
 E = Time spent auto-exploring this place.
 F = Levels seen in this place.
 G = Mean time per level.
                   A        B        C        D        E       F      G
               +--------+--------+--------+--------+--------+-----+--------+
         Total |   2908 |   2705 |    203 |     26 |   1997 |   5 |  581.6 |
       Dungeon |   2908 |   2705 |    203 |     26 |   1997 |   5 |  581.6 |
               +--------+--------+--------+--------+--------+-----+--------+

Top non-repeatable levels by time:
     D:3: 1067 daAuts
     D:1: 769 daAuts
     D:2: 563 daAuts
     D:4: 478 daAuts
     D:5: 30 daAuts
